 Dungeon Crawl Stone Soup version 0.30-a0-782-ge64f9170bb (webtiles) character file.

Game seed: 8679331877173484609

35 Querens the Ducker (level 3, -1/25 HPs)
             Began as a Djinni Hedge Wizard on Feb 26, 2023.
             Slain by a rat (2 damage)
             ... on level 2 of the Dungeon.
             The game lasted 00:03:31 (553 turns).

Querens the Ducker (Djinni Hedge Wizard)             Turns: 553, Time: 00:03:31

Health: -1/25      AC:  2    Str:  9    XL:     3   Next: 52%
Gold:   88         EV: 12    Int: 17    God:
                   SH:  0    Dex: 12

rFire   + + .      SeeInvis .    a - +0 dagger
rCold   x . .      Faith    .    (no shield)
rNeg    . . .      Spirit   .    b - +0 robe
rPois   ∞          Reflect  .    c - +0 hat
rElec   .          Harm     .    (no cloak)
rCorr   .          Rampage  .    (no gloves)
Will    .....                    (boots unavailable)
Stlth   ++                       (no amulet)
HPRegen 0.24/turn                (no ring)
MPRegen 0.00/turn                (no ring)

@: flying, hasted, very quick
A: sickness immunity, fire resistance 2, cold vulnerability 1, float, innate
caster, HP casting, extra vitality 1
a: no special abilities


You were on level 2 of the Dungeon.
You visited 1 branch of the dungeon, and saw 2 of its levels.

You collected 88 gold pieces.

Inventory:

Hand Weapons
 a - a +0 dagger (weapon)
Missiles
 e - 2 curare-tipped darts
Armour
 b - a +0 robe (worn)
 c - a +0 hat (worn)
Wands
 n - a wand of roots (8)
Scrolls
 f - a scroll of teleportation {unknown}
 g - a scroll of fog {unknown}
 l - a scroll of identify {unknown}
 m - a scroll of immolation {unknown}
Potions
 h - a potion of berserk rage {unknown}
 i - a potion of magic {unknown}
 j - a potion of lignification {unknown}
 k - a potion of ambrosia {unknown}


   Skills:
 + Level 2.9 Dodging
 + Level 2.2 Stealth
 + Level 2.8 Spellcasting


You couldn't memorise any spells.
You knew the following spells:

 Your Spells              Type           Power      Damage    Failure   Level
a - Magic Dart            Conj           44%        1d5       5%          1
b - Slow                  Hex            44%        N/A       5%          1
c - Blink                 Tloc           22%        N/A       9%          2
d - Call Imp              Summ           11%        N/A       9%          2
e - Mephitic Cloud        Conj/Pois/Air  11%        N/A       17%         3
f - Freeze                Ice            44%        1d6       5%          1
Your spell library was empty.

Dungeon Overview and Level Annotations

Branches:
Dungeon (2/15)

Altars:

Shops:
D:1 =


Innate Abilities, Weirdness & Mutations

You are immune to sickness and miasma.
You are immune to poison.
Your flesh is very heat resistant. (rF++)
You are vulnerable to cold. (rC-)
You float through the air rather than walking.
You learn spells naturally, not from books.
Your magical power is your life essence.
You have superior vitality. (+4 MHP)


Message History

The adder barely misses the worm.
The worm is engulfed in noxious fumes.
The worm appears confused.
The goblin hits you with a +0 club.
You barely miss the adder.
The adder is lightly wounded.
The adder bites the rat.
The adder bites itself.
The goblin misses you.
You catch the helpless adder completely off-guard!
You hit the adder.
The adder is heavily wounded.
The worm is engulfed in noxious fumes.
The worm appears confused.
The worm bites the adder.
The goblin hits you with a +0 club.
You hit the adder.
The adder is almost dead.
The adder barely misses the rat.
The goblin barely misses you. The rat bites you.
You hit the worm.
The worm is moderately wounded.
The goblin completely misses you. The rat completely misses you.
You hit the worm but do no damage.
The worm is moderately wounded.
The adder closely misses the goblin.
The worm closely misses you. The goblin hits you with a +0 club.
The rat bites you.
You hit the worm.
The worm is moderately wounded.
The adder bites the goblin.
The adder completely misses the goblin.
The goblin misses you. The rat barely misses you.
You hit the worm.
The worm is heavily wounded.
The worm bites you!
The adder bites itself.
The adder is killed!
The goblin hits you with a +0 club.
* * * LOW HITPOINT WARNING * * *
The rat barely misses you.
You barely miss the worm.
The worm is moderately wounded.
The goblin hits you with a +0 club.
* * * LOW HITPOINT WARNING * * *
The rat barely misses you.
Okay, then.
It was a potion of haste.
You feel yourself speed up. The rat bites you.
You die...

###.#####.# #.# #.####
###.# #....# # .†..#
#.##.# .# ###.#####.##.#
###.##### #.......##.#
#.......r
####.##.##.####.# #
######>#..##.#....#.##.##
.......#.###....@.w.....#
.............)..gr..###.#
.......#.#......#.###
...........#.####.#
.......#.###.# ..#
.......#.# #.# .##
.......# # #.# .
#.....##.# #. ..
.......#.#


You could see a worm (confused), a goblin and a rat.

Vanquished Creatures
  An adder (D:2)
  A dart slug (D:1)
  A bat (D:2)
  4 endoplasms (D:1)
  A giant cockroach (D:1)
  4 hobgoblins (D:1)
  2 kobolds (D:1)
  A ball python (D:1)
  A frilled lizard (D:1)
  2 rats
18 creatures vanquished.

Vanquished Creatures (collateral kills)
  A worm (D:2)
1 creature vanquished.

Grand Total: 19 creatures vanquished

Notes
Turn   | Place    | Note
-------+----------+-------------------------------------------
     0 | D:1      | Querens the Djinni Hedge Wizard began the quest for the
                  | Orb.
     0 | D:1      | Querens set off with the following spells memorised: Magic
                  | Dart, Slow, Blink, Call Imp, Mephitic Cloud.
     0 | D:1      | Reached XP level 1. HP: 15/15 MP: 0/0
    96 | D:1      | Reached XP level 2. HP: 9/21 MP: 0/0
   100 | D:1      | Found Kuzxy's Jewellery Shoppe.
   445 | D:2      | Reached XP level 3. HP: 22/25 MP: 0/0
   445 | D:2      | Learned a level 1 spell: Freeze
   552 | D:2      | HP: 1/25 [goblin/+0 club (4)]
   553 | D:2      | Slain by a rat

Illustrated notes

Levels and vault maps discovered:
D:1:      dpeg_arrival_arbitrary_c, layout_rooms, serial_shops,
          nicolae_shop_competitors_out_of_business
D:2:      layout_loops_ring, nicolae_ecumenical_oubliette, basic_altar,
          uniq_natasha, uniq_terence, uniq_sigmund

Skill      XL: |  1  2 |
---------------+-------+-----
Stealth        | 2 |  2.2
Dodging        | |  2.9
Spellcasting   | |  2.8

Action                     || total
---------------------------++-------
  Melee: Dagger            ||    20
  Throw: Dart              ||     2
   Cast: Magic Dart        ||    49
         Call Imp          ||     3
         Mephitic Cloud    ||     2
    Use: Potion            ||     2
   Stab: Confused          ||     1
 Armour: Robe              ||     6
  Dodge: Dodged            ||    47

Table legend: (Time is in decaauts)
 A = Elapsed time spent in this place.
 B = Non-inter-level travel time spent in this place.
 C = Inter-level travel time spent in this place.
 D = Time resting spent in this place.
 E = Time spent auto-exploring this place.
 F = Levels seen in this place.
 G = Mean time per level.
                   A        B        C        D        E       F      G
               +--------+--------+--------+--------+--------+-----+--------+
         Total |    552 |    521 |     31 |      0 |      0 |   2 |  276.0 |
       Dungeon |    552 |    521 |     31 |      0 |      0 |   2 |  276.0 |
               +--------+--------+--------+--------+--------+-----+--------+

Top non-repeatable levels by time:
     D:1: 417 daAuts
     D:2: 135 daAuts
